 Dungeon Crawl Stone Soup version 0.21-a0-498-g1b60429 (webtiles) character file.

253 Goblin1989 the Shield-Bearer (level 6, -1/53 HPs)
             Began as a Gnoll Fighter on Nov 24, 2017.
             Slain by an adder (3 damage)
             ... on level 4 of the Dungeon.
             The game lasted 00:05:30 (2749 turns).

Goblin1989 the Shield-Bearer (Gnoll Fighter)        Turns: 2749, Time: 00:05:30

Health: -1/53      AC:  7    Str: 25 (26) XL:     6   Next: 14%
Magic:  8/8        EV:  9    Int:  9 (10) God:
Gold:   241        SH:  0    Dex: 11 (14) Spells: 8/8 levels left

rFire    . . .     SeeInvis .   a - +0 flail
rCold    . . .     Gourm    .   c - +0 shield
rNeg     . . .     Faith    .   b - +0 scale mail
rPois    .         Spirit   .   (no helmet)
rElec    .         Reflect  .   (no cloak)
rCorr    .         Harm     .   (no gloves)
MR       .....                  (no boots)
Stlth    ..........             (no amulet)
HPRegen  0.17/turn              (no ring)
MPRegen  0.11/turn              (no ring)

@: confused, mighty, lethally poisoned (-1 -> -29)
A: distributed training, fangs 1, strong nose
a: no special abilities


You were on level 4 of the Dungeon.
You were not hungry.

You visited 1 branch of the dungeon, and saw 4 of its levels.

You collected 241 gold pieces.

Inventory:

Hand Weapons
 a - a +0 flail (weapon)
 w - a +0 blowgun {@w1}
 H - a +0 hand crossbow
Missiles
 i - 163 stones (quivered)
 B - 21 bolts
 D - 15 poisoned needles
 F - 27 sling bullets
Armour
 b - a +0 scale mail (worn)
 c - a +0 shield (worn)
 t - a +0 helmet
Jewellery
 u - a cursed ring of teleportation {unknown}
Scrolls
 g - a scroll of random uselessness {unknown}
 h - a scroll of noise {unknown}
 k - 3 scrolls of teleportation {unknown}
 n - 2 scrolls of enchant weapon {unknown}
 q - 4 scrolls of remove curse {unknown}
 r - 2 scrolls of amnesia {unknown}
 s - a scroll of fog {unknown}
 v - a scroll of enchant armour {unknown}
 y - 2 scrolls of identify {unknown}
 z - a scroll of magic mapping {unknown}
 C - a scroll of blinking {unknown}
Potions
 d - a potion of might
 p - a potion of haste {unknown}
 x - a potion of heal wounds {unknown}
Comestibles
 e - 4 bread rations {@e1}
 l - a royal jelly
 E - a fruit


   Skills:
 + Level 6.8 Fighting
 + Level 1.8 Short Blades
 + Level 1.8 Long Blades
 + Level 1.8 Axes
 + Level 4.9 Maces & Flails
 + Level 1.8 Polearms
 + Level 1.8 Staves
 + Level 1.8 Slings
 + Level 1.8 Bows
 + Level 1.8 Crossbows
 + Level 1.8 Throwing
 + Level 6.8 Armour
 + Level 1.8 Dodging
 + Level 1.8 Stealth
 + Level 6.8 Shields
 + Level 1.8 Unarmed Combat
 + Level 1.8 Spellcasting
 + Level 1.4 Conjurations
 + Level 1.4 Hexes
 + Level 1.4 Charms
 + Level 1.4 Summonings
 + Level 1.4 Necromancy
 + Level 1.4 Translocations
 + Level 1.4 Transmutations
 + Level 1.4 Fire Magic
 + Level 1.4 Ice Magic
 + Level 1.4 Air Magic
 + Level 1.4 Earth Magic
 + Level 1.4 Poison Magic
 + Level 2.0 Invocations
 + Level 1.8 Evocations


You had 8 spell levels left.
You didn't know any spells.

Dungeon Overview and Level Annotations

Branches:
Dungeon (4/15)
 Temple: D:4-7

Altars:
Kikubaaqudgha
Nemelex Xobeh
Qazlal
Sif Muna
Yredelemnul
Zin


Innate Abilities, Weirdness & Mutations

Your experience applies equally to all skills.
You have very sharp teeth.
Your uncanny sense of smell can sniff out nearby items.


Message History

The bullfrog skeleton hits you but does no damage.
The adder barely misses you. The orc wizard closely misses you.
The bullfrog skeleton completely misses you.
The adder bites you.
You are more poisoned.
The adder poisons you!
You take 4 damage, and have 43/53 hp.
You're too confused to move!
The bullfrog skeleton hits you. The adder bites you but does no damage.
The orc closely misses you. The orc wizard hits you with a dagger.
You take 5 damage, and have 38/53 hp.
You feel sick.
You take 1 damage, and have 37/53 hp.
You hit the bullfrog skeleton but do no damage.
You feel less confused.
You feel sick.
You block the bullfrog skeleton's attack.
The orc hits you but does no damage.
The bullfrog skeleton hits you but does no damage.
The adder bites you. The orc hits you.
You take 3 damage, and have 34/53 hp.
Your shield prevents you from hitting the orc wizard.
The bullfrog skeleton closely misses you.
The adder bites you but does no damage. You block the orc wizard's attack.
The orc hits you with a club. Something hits you but does no damage.
You block the orc's attack.
The bullfrog skeleton hits you but does no damage.
The adder bites you but does no damage.
You take 3 damage, and have 31/53 hp.
You hit the orc wizard.
The orc wizard is moderately wounded.
You feel sick. You block the orc wizard's attack. The orc hits you with a club.
Something hits you but does no damage.
You are more poisoned.
You block the orc's attack. The bullfrog skeleton hits you.
* * * LOW HITPOINT WARNING * * *
You block the adder's attack. The orc wizard completely misses you.
You take 8 damage, and have 23/53 hp.
You miss the orc wizard.
The orc wizard is moderately wounded.
You feel sick.
You block the bullfrog skeleton's attack.
The adder closely misses you. The orc hits you with a club.
* * * LOW HITPOINT WARNING * * *
Something hits you but does no damage.
You are more poisoned.
You block the orc's attack.
The orc wizard hits you but does no damage.
You block the bullfrog skeleton's attack.
The adder bites you.
* * * LOW HITPOINT WARNING * * *
You hear some strange, mumbled words.
Something tries to affect you, but you resist.
The orc hits you but does no damage. x2
You take 6 damage, and have 17/53 hp.
You barely miss the orc wizard. Your bite misses the orc wizard.
The orc wizard is moderately wounded.
* * * LOW HITPOINT WARNING * * *
You feel sick.
You block the bullfrog skeleton's attack.
You block the adder's attack.
The orc wizard hits you but does no damage.
Something hits you but does no damage.
You are more poisoned.
The orc hits you but does no damage. x2
You feel very mighty all of a sudden.
* * * LOW HITPOINT WARNING * * *
You feel very sick. The bullfrog skeleton hits you.
* * * LOW HITPOINT WARNING * * *
You block the adder's attack.
The orc wizard hits you but does no damage.
Something hits you.
* * * LOW HITPOINT WARNING * * *
The orc hits you but does no damage.
You block the bullfrog skeleton's attack.
You take 6 damage, and have 11/53 hp.
It was a potion of degeneration.
There was something very wrong with that liquid.
You feel weakened.
You feel dopey.
You feel clumsy.
* * * LOW HITPOINT WARNING * * *
You feel sick. You block the adder's attack. The orc barely misses you.
The orc wizard mumbles some strange words.
The orc wizard seems to speed up.
The bullfrog skeleton closely misses you.
You block the adder's attack. Something hits you.
* * * LOW HITPOINT WARNING * * *
You are more poisoned.
The orc hits you but does no damage.
You take 5 damage, and have 6/53 hp.
It was a potion of ambrosia.
You are confused.
You feel invigorated.
* * * LOW HITPOINT WARNING * * *
You feel very sick. The orc wizard closely misses you.
The orc hits you but does no damage. The bullfrog skeleton hits you.
* * * LOW HITPOINT WARNING * * *
The adder bites you.
You die...

.........................$.
..........................█
...........................
..........................█
..........................█
....................!....<█
.<..............o.........█
...............SZo........█
...............o@.........█
█████.█████.████o██████████
......█ █.████∆████████
....███ █.............█
....██████████........(.█
........................█
..............█████.....█
..............███ █.....█
..........███....██.....█


You could see an orc wizard, an adder, 3 orcs and a bullfrog skeleton.

Vanquished Creatures
  A water moccasin skeleton (D:3)
  An orc priest (D:3)
  Terence (D:2)
  An orc wizard (D:3)
  3 adders
  An ooze (D:2)
  2 worms (D:2)
  A dart slug (D:2)
  5 leopard geckos
  3 orcs
  2 giant cockroaches
  7 goblins
  6 hobgoblins
  5 jackals (D:2)
  12 kobolds
  A quokka (D:2)
  A ball python (D:3)
  8 bats
  5 frilled lizards
  2 gnoll zombies (D:2)
  12 rats
80 creatures vanquished.

Notes
Turn   | Place    | Note
-------+----------+-------------------------------------------
     0 | D:1      | Goblin1989 the Gnoll Fighter began the quest for the Orb.
     0 | D:1      | Reached XP level 1. HP: 23/23 MP: 1/1
   142 | D:1      | Reached XP level 2. HP: 29/29 MP: 2/2
   566 | D:1      | Reached XP level 3. HP: 35/35 MP: 3/3
  1027 | D:2      | Reached skill level 1 in Invocations
  1091 | D:2      | Noticed Terence
  1116 | D:2      | Reached skill level 1 in Short Blades
  1116 | D:2      | Reached skill level 1 in Long Blades
  1116 | D:2      | Reached skill level 1 in Axes
  1116 | D:2      | Reached skill level 1 in Polearms
  1116 | D:2      | Reached skill level 1 in Staves
  1116 | D:2      | Reached skill level 1 in Slings
  1116 | D:2      | Reached skill level 1 in Bows
  1116 | D:2      | Reached skill level 1 in Crossbows
  1116 | D:2      | Reached skill level 1 in Throwing
  1116 | D:2      | Reached skill level 1 in Dodging
  1116 | D:2      | Reached skill level 1 in Stealth
  1116 | D:2      | Reached skill level 1 in Unarmed Combat
  1116 | D:2      | Reached skill level 1 in Spellcasting
  1116 | D:2      | Reached skill level 1 in Evocations
  1126 | D:2      | Killed Terence
  1126 | D:2      | Reached XP level 4. HP: 31/41 MP: 5/5
  1376 | D:2      | Reached skill level 1 in Conjurations
  1376 | D:2      | Reached skill level 1 in Hexes
  1376 | D:2      | Reached skill level 1 in Charms
  1376 | D:2      | Reached skill level 1 in Summonings
  1376 | D:2      | Reached skill level 1 in Necromancy
  1376 | D:2      | Reached skill level 1 in Translocations
  1376 | D:2      | Reached skill level 1 in Transmutations
  1376 | D:2      | Reached skill level 1 in Fire Magic
  1376 | D:2      | Reached skill level 1 in Ice Magic
  1376 | D:2      | Reached skill level 1 in Air Magic
  1376 | D:2      | Reached skill level 1 in Earth Magic
  1376 | D:2      | Reached skill level 1 in Poison Magic
  1413 | D:2      | Found a basalt altar of Yredelemnul.
  1453 | D:2      | Found a glowing silver altar of Zin.
  1478 | D:2      | Found an ancient bone altar of Kikubaaqudgha.
  1484 | D:2      | Found a stormy altar of Qazlal.
  1586 | D:2      | Found a sparkling altar of Nemelex Xobeh.
  1820 | D:3      | Reached XP level 5. HP: 45/47 MP: 5/7
  1865 | D:3      | Reached XP level 6. HP: 35/53 MP: 8/8
  2680 | D:4      | Found a deep blue altar of Sif Muna.
  2749 | D:4      | HP: 2/53 [bullfrog skeleton (5)]
  2749 | D:4      | Slain by an adder

Vault maps used:
D:1:      noname_arrival_rooms_in_the_neighbourhood, serial_bayou_pond_e
D:2:      lemuel_zombie_altar_yredelemnul, zin_statuary,
          chequers_temple_overflow_statue_of_worship, nemelex_dance_club_becter,
          uniq_terence
D:3:      serial_bayou, serial_bayou_pond_b, serial_bayou_crossing,
          serial_bayou_lagoon_a, serial_bayou_pond_c
D:4:      nicolae_overflow_crystal_walls, first_bread,
          roderic_nine_men_s_morris, uniq_grinder

Skill      XL: |  1  2  3  4  5  6 |
---------------+-------------------+-----
Invocations    | 1 2 |  2.0
Short Blades   | 1 |  1.8
Long Blades    | 1 |  1.8
Axes           | 1 |  1.8
Polearms       | 1 |  1.8
Staves         | 1 |  1.8
Slings         | 1 |  1.8
Bows           | 1 |  1.8
Crossbows      | 1 |  1.8
Throwing       | 1 |  1.8
Dodging        | 1 |  1.8
Stealth        | 1 |  1.8
Unarmed Combat | 1 |  1.8
Spellcasting   | 1 |  1.8
Evocations     | 1 |  1.8
Conjurations   | 1 |  1.4
Hexes          | 1 |  1.4
Charms         | 1 |  1.4
Summonings     | 1 |  1.4
Necromancy     | 1 |  1.4
Translocations | 1 |  1.4
Transmutations | 1 |  1.4
Fire Magic     | 1 |  1.4
Ice Magic      | 1 |  1.4
Air Magic      | 1 |  1.4
Earth Magic    | 1 |  1.4
Poison Magic   | 1 |  1.4
Fighting       | |  6.8
Maces & Flails | |  4.9
Armour         | |  6.8
Shields        | |  6.8

Action                   |  1- 3 |  4- 6 || total
-------------------------+-------+-------++-------
Melee: Flail             |    88 |   155 ||   243
       Bite              |     7 |    20 ||    27
  Use: Potion            |       |     3 ||     3
  Eat: Chunk             |     1 |     5 ||     6
Armor: Scale mail        |    36 |    83 ||   119
Dodge: Dodged            |    22 |    63 ||    85
Block: Shield            |    48 |   132 ||   180

Table legend:
 A = Spawn XP
 B = Non-spawn XP
 C = Spawn XP percentage of total XP
 D = Spawn monster count
 E = Non-spawn monster count
 F = Spawn count percentage of total count
 G = Total turns spent on level
                    A         B        C        D         E        F      G
               +---------+---------+-------+---------+---------+-------+---------
         Total |       0 |     362 |   0.0 |       0 |      80 |   0.0 |  2749
               +---------+---------+-------+---------+---------+-------+---------
           D:1 |       0 |      39 |   0.0 |       0 |      23 |   0.0 |   930
           D:2 |       0 |     118 |   0.0 |       0 |      34 |   0.0 |   831
           D:3 |       0 |     205 |   0.0 |       0 |      23 |   0.0 |   902
               +---------+---------+-------+---------+---------+-------+---------

Vault maps used:
D:1:      noname_arrival_rooms_in_the_neighbourhood, serial_bayou_pond_e
D:2:      lemuel_zombie_altar_yredelemnul, zin_statuary,
          chequers_temple_overflow_statue_of_worship, nemelex_dance_club_becter,
          uniq_terence
D:3:      serial_bayou, serial_bayou_pond_b, serial_bayou_crossing,
          serial_bayou_lagoon_a, serial_bayou_pond_c
D:4:      nicolae_overflow_crystal_walls, first_bread,
          roderic_nine_men_s_morris, uniq_grinder
